 Dungeon Crawl Stone Soup version 0.21-a0-630-g344d3514eb (webtiles) character file.

42 Principatus the Magician (level 3, -1/21 HPs)
             Began as an Octopode Wizard on Dec 26, 2017.
             Slain by a goblin (5 damage)
             ... led by Robin
             ... on level 2 of the Dungeon.
             The game lasted 00:08:57 (1893 turns).

Principatus the Magician (Octopode Wizard)          Turns: 1893, Time: 00:08:57

Health: -1/21      AC:  1    Str:  6    XL:     3   Next: 56%
Magic:  6/8        EV: 13    Int: 21    God:
Gold:   58         SH:  0    Dex: 10    Spells: 3/9 levels left

rFire    . . .     SeeInvis .   h - +0 short sword
rCold    . . .     Gourm    .   (no shield)
rNeg     . . .     Faith    .   a - +0 hat
rPois    .         Spirit   .   (no amulet)
rElec    .         Reflect  .   (no ring)
rCorr    .         Harm     .   (no ring)
MR       .....                  (no ring)
Stlth    +++.......             (no ring)
HPRegen  0.07/turn              (no ring)
MPRegen  0.11/turn              (no ring)
                                (no ring)
                                (no ring)

@: no status effects
A: almost no armour, stealthy swim, amphibious, 8 rings, constrict 8, camouflage
1, gelatinous body 1
a: no special abilities


You were on level 2 of the Dungeon.
You were not hungry.

You visited 1 branch of the dungeon, and saw 2 of its levels.

You collected 58 gold pieces.

Inventory:

Hand Weapons
 h - a +0 short sword (weapon)
Missiles
 l - 81 stones (quivered)
Armour
 a - a +0 hat (worn)
Jewellery
 j - a cursed amulet of inaccuracy {unknown}
Scrolls
 d - a scroll of identify
 e - a scroll of magic mapping {unknown}
 f - a scroll of teleportation {unknown}
 g - a scroll of immolation {unknown}
 i - a scroll of amnesia {unknown}
Potions
 k - a potion of curing
 n - a potion of might {unknown}
Books
 b - a book of Minor Magic

   Spells                             Type                      Level
   a - Magic Dart                     Conjuration                  1
   b - Blink                          Translocation                2
   c - Call Imp                       Summoning                    2
   d - Slow                           Hexes                        2
   e - Conjure Flame                  Conjuration/Fire             3
   f - Mephitic Cloud                 Conjuration/Poison/Air       3
Comestibles
 c - 2 rations
 m - 5 chunks of flesh


   Skills:
 - Level 2.0 Dodging
 - Level 2.8 Stealth
 + Level 3.5 Spellcasting
 + Level 2.1 Conjurations
 + Level 1.6 Summonings
   Level 1.0 Translocations


You had 3 spell levels left.
You knew the following spells:

 Your Spells              Type           Power        Failure   Level  Hunger
a - Magic Dart            Conj           ##..         5%          1    None
b - Call Imp              Summ           ##......     10%         2    ##.....
c - Mephitic Cloud        Conj/Pois/Air  #.......     28%         3    ###....


Dungeon Overview and Level Annotations

Branches:
Dungeon (2/15)

Altars:

Annotations:
D:2 Robin


Innate Abilities, Weirdness & Mutations

You cannot wear most types of armour.
You are very stealthy in the water. (Stealth+)
You are amphibious.
You can wear up to eight rings at the same time.
You can use your tentacles to constrict eight enemies at once.
Your skin changes colour to match your surroundings (Stealth+).
Your rubbery body absorbs attacks. (AC +1, EV +1)


Message History

The goblin hits you with a dagger.
You miss the goblin. You grab the goblin. You constrict the goblin.
The goblin misses you. The goblin hits you with a dagger.
You hit the goblin but do no damage.
The goblin is moderately wounded.
You constrict the goblin. The goblin hits you.
The goblin hits you with a dagger.
You hit the goblin.
You kill the goblin!
The goblin hits you.
* * * LOW HITPOINT WARNING * * *
Robin throws the goblin at you!
* * * LOW HITPOINT WARNING * * *
The goblin barely misses you.
You closely miss the goblin. Your grab misses the goblin.
Your squeeze misses the goblin. The goblin completely misses you.
Robin roars a battlecry!
The goblins go into a battle-frenzy!
The goblin barely misses you. The goblin hits you.
You die...

#........?.....
#.............[
#..............
#..............
#).....g.......
#......g§.....#
#..........#
###g# #@gg#
#####g###
###.÷[..#
###...#####
#...### #.###
##.# ####..#
#....##


You could see Robin, a hobgoblin and 2 goblins.

Vanquished Creatures
  A leopard gecko (D:1)
  4 bats
  2 giant cockroaches (D:2)
  9 goblins
  4 hobgoblins
  2 jackals (D:1)
  4 kobolds
  5 rats
31 creatures vanquished.

Vanquished Creatures (collateral kills)
  3 hobgoblins
  A goblin (D:1)
4 creatures vanquished.

Grand Total: 35 creatures vanquished

Notes
Turn   | Place    | Note
-------+----------+-------------------------------------------
     0 | D:1      | Principatus the Octopode Wizard began the quest for the Orb.
     0 | D:1      | Reached XP level 1. HP: 11/11 MP: 4/4
   316 | D:1      | Reached XP level 2. HP: 17/17 MP: 0/6
   348 | D:1      | Learned a level 2 spell: Call Imp
  1349 | D:2      | Noticed Robin
  1354 | D:2      | Reached XP level 3. HP: 20/21 MP: 4/7
  1847 | D:2      | Learned a level 3 spell: Mephitic Cloud
  1893 | D:2      | Slain by a goblin

Vault maps used:
D:1:      lightli_arrival_statue_moat
D:2:      first_ration, uniq_robin

Skill      XL: |  1  2  3 |
---------------+----------+-----
Conjurations   | 2 |  2.1
Dodging        | |  2.0
Stealth        | |  2.8
Spellcasting   | |  3.5
Summonings     | |  1.6
Translocations | |  1.0

Action                   || total
-------------------------++-------
Melee: Unarmed           ||    10
       Constrict         ||    10
       Tentacles         ||     5
       Short sword       ||    31
 Cast: Magic Dart        ||    52
       Call Imp          ||     7
  Use: Potion            ||     2
       Scroll            ||     1
 Stab: Distracted        ||     1
       Sleeping          ||     1
  Eat: Chunk             ||     3
Armor: Skin              ||     8
Dodge: Dodged            ||    44

Table legend:
 A = Spawn XP
 B = Non-spawn XP
 C = Spawn XP percentage of total XP
 D = Spawn monster count
 E = Non-spawn monster count
 F = Spawn count percentage of total count
 G = Total turns spent on level
                    A         B        C        D         E        F      G
               +---------+---------+-------+---------+---------+-------+---------
         Total |       0 |      61 |   0.0 |       0 |      35 |   0.0 |  1893
               +---------+---------+-------+---------+---------+-------+---------
           D:1 |       0 |      35 |   0.0 |       0 |      20 |   0.0 |  1549
           D:2 |       0 |      26 |   0.0 |       0 |      15 |   0.0 |   344
               +---------+---------+-------+---------+---------+-------+---------
